 Seeded DCSS version 0.29.1-15-g9cfb28693d (webtiles) character file.

Game seed: 1 (custom seed)

0 Kazon the Trooper (level 1, 0/18 HPs)
             Began as a Demigod Fighter on Mar 16, 2023.
             Slain by a hobgoblin (1 damage)
             ... on level 1 of the Dungeon.
             The game lasted 00:01:12 (61 turns).

Kazon the Trooper (Demigod Fighter)                   Turns: 61, Time: 00:01:12

Health: 0/18       AC:  0    Str: 17    XL:     1   Next: 6%
Magic:  3/3        EV: 10    Int: 10    God:
Gold:   31         SH:  4    Dex: 13    Spells: 0/0 levels left

rFire   . . .      SeeInvis .   (no weapon)
rCold   . . .      Faith    .   c - +0 buckler
rNeg    . . .      Spirit   .   (no body armour)
rPois   .          Reflect  .   (no helmet)
rElec   .          Harm     .   (no cloak)
rCorr   .          Rampage  .   (no gloves)
Will    .....                   (no boots)
Stlth   +.........              (no amulet)
HPRegen 0.06/turn               (no ring)
MPRegen 0.08/turn               (no ring)

@: no status effects
A: high MP 1, forlorn, divine attributes
a: no special abilities


You were on level 1 of the Dungeon.
You visited 1 branch of the dungeon, and saw 1 of its levels.

You collected 31 gold pieces.

Inventory:

Armour
 b - a +0 scale mail
 c - a +0 buckler (worn)
Scrolls
 f - a scroll of acquirement
Potions
 d - a potion of might
 e - a potion of haste {unknown}


   Skills:
 + Level 2.7 Fighting
 + Level 1.7 Long Blades
 + Level 2.6 Armour
 + Level 2.6 Shields


You couldn't memorise any spells.
You didn't know any spells.
Your spell library was empty.

Dungeon Overview and Level Annotations

Branches:
Dungeon (1/15)


Innate Abilities, Weirdness & Mutations

You have an increased reservoir of magic. (+10% MP)
You shall have no god before yourself.
Your divine heritage dramatically boosts your attributes as you level up.


Message History

You kill the bat!
You now have 31 gold pieces (gained 15).
You see here a bat corpse.
Found a stone staircase leading down.
A goblin comes into view. It is wielding a +0 dagger.
The goblin shouts!
A hobgoblin comes into view.
The hobgoblin shouts!
You closely miss the goblin. The goblin hits you but does no damage.
You block the goblin's attack.
You closely miss the goblin. You block the goblin's attack.
This is a scroll of acquirement!
You are now empty-handed.
You drop a +0 long sword.
The goblin barely misses you.
The hobgoblin hits you but does no damage.
The goblin hits you but does no damage.
The hobgoblin hits you but does no damage.
The goblin closely misses you. You block the hobgoblin's attack.
Keep disrobing?
Uppercase [Y]es or [N]o only, please.
Keep disrobing?
You start removing your armour.
You continue taking off your +0 scale mail.
The goblin hits you but does no damage. You block the hobgoblin's attack.
You continue taking off your +0 scale mail.
The hobgoblin hits you but does no damage.
The goblin hits you with a +0 dagger.
You continue taking off your +0 scale mail.
The goblin hits you with a +0 dagger. The hobgoblin barely misses you.
You continue taking off your +0 scale mail.
The goblin hits you but does no damage. The hobgoblin closely misses you.
You finish taking off your +0 scale mail.
Unknown command.
The goblin hits you with a +0 dagger. The hobgoblin barely misses you.
The hobgoblin hits you. The hobgoblin hits you. The hobgoblin hits you.
* * * LOW HITPOINT WARNING * * *
The hobgoblin attacks as you move away! The hobgoblin hits you.
You die...

#..... ..... .# +....<
.... ... #..... .... #.#
##.... ####..##.# ###..
#........# ##'
#........### #.
#..........# #.
###....@.>.# +.
.......gg..# #.
##.........### #.
#...#####)#.### #'
#...#.........###### #.
.... #.........."...###.
.....#..####..........##
..........†.....##....##
....#.................


You could see a hobgoblin and a goblin.

Vanquished Creatures
  A bat (D:1)
1 creature vanquished.

Notes
Turn   | Place    | Note
-------+----------+-------------------------------------------
     0 | D:1      | Kazon the Demigod Fighter began the quest for the Orb.
     0 | D:1      | Reached XP level 1. HP: 18/18 MP: 3/3
    49 | D:1      | Identified a scroll of acquirement
    61 | D:1      | Slain by a hobgoblin

Illustrated notes

Levels and vault maps discovered:
D:1:      dpeg_arrival_three_smaller_balls, layout_basic

Action                   || total
-------------------------++-------
Melee: Long sword        ||     4
Armor: Scale mail        ||    22
Dodge: Dodged            ||    12
Block: Buckler           ||     4
